[ AOE2 MATCH · #475975668 ]
UnrankedByzantines vs Burgundians
[ REPLAY ANALYSIS · EXTRACTED FROM THE RECORDED GAME ]
Feudal
11:45
Castle
16:00
Imperial
33:14
| APM avg | 14.1 |
| APM peak | 36 |
| eAPM avg | 10.7 |
| Villagers / military | 102 / 14 |
Focus
⚔️ 10.6% · 🌾 89.4%
Trade Cart ×10 · Camel Scout ×7 · Cataphract ×4 · Trebuchet (Packed) ×2 · Monk ×1
Feudal
11:25
Castle
14:56
Imperial
31:13
| APM avg | 25.2 |
| APM peak | 85 |
| eAPM avg | 14.5 |
| Villagers / military | 188 / 110 |
Focus
⚔️ 24.8% · 🌾 75.2%
Knight ×106 · Monk ×4 · Trade Cart ×1
Feudal
10:31
Castle
14:18
Imperial
28:56
| APM avg | 23.0 |
| APM peak | 70 |
| eAPM avg | 15.2 |
| Villagers / military | 136 / 150 |
Focus
⚔️ 18.7% · 🌾 81.3%
Hand Cannoneer ×135 · Scout Cavalry ×8 · Knight ×6 · Mangonel ×1
Feudal
11:36
Castle
15:18
Imperial
29:05
| APM avg | 19.4 |
| APM peak | 47 |
| eAPM avg | 15.3 |
| Villagers / military | 133 / 209 |
Focus
⚔️ 30.3% · 🌾 69.7%
Spearman ×196 · Bombard Cannon ×6 · Militia ×4 · Monk ×2 · Trebuchet (Packed) ×1
Feudal
11:03
Castle
17:31
Imperial
29:02
| APM avg | 36.5 |
| APM peak | 80 |
| eAPM avg | 22.1 |
| Villagers / military | 96 / 48 |
Focus
⚔️ 12.1% · 🌾 87.9%
Spearman ×15 · War Wagon ×14 · Iron Pagoda ×9 · Trebuchet (Packed) ×5 · Fire Lancer ×4 · Monk ×1
Feudal
10:58
Castle
15:23
Imperial
29:23
| APM avg | 25.6 |
| APM peak | 46 |
| eAPM avg | 17.8 |
| Villagers / military | 153 / 8 |
Focus
⚔️ 19.0% · 🌾 81.0%
Mangudai ×8
Feudal
10:07
Castle
13:43
Imperial
29:08
| APM avg | 39.7 |
| APM peak | 93 |
| eAPM avg | 25.7 |
| Villagers / military | 152 / 212 |
Focus
⚔️ 24.8% · 🌾 75.2%
Tarkan ×165 · Scout Cavalry ×47
Feudal
—
Castle
—
Imperial
—
| APM avg | 17.9 |
| APM peak | 62 |
| eAPM avg | 13.9 |
| Villagers / military | 118 / 102 |
Focus
⚔️ 31.9% · 🌾 68.1%
Knight ×73 · Spearman ×25 · Mangonel ×2 · Trebuchet (Packed) ×2
Match map
Initial resources + every placement click. Lines = walls · curves = elevation contours. ◆ gold · ⬟ stone · ● berries · ✦ relic · ◌ wall gap
Your base· ✓ Closed at 16:00 · 0t walls · 3 gate(s)
HackThor's base· ✓ Closed at 14:56 · 0t walls · 3 gate(s)
M0rT1nh0's base· ✓ Closed at 14:18 · 0t walls · 3 gate(s)
83716497273's base· ✓ Closed at 15:18 · 0t walls · 2 gate(s)
Ti to?'s base· ✓ Closed at 17:31 · 0t walls · 2 gate(s)
Leven仔不会玩's base· ✓ Closed at 15:23 · 0t walls · 3 gate(s)
杀手皇后's base· ✓ Closed at 13:43 · 0t walls · 2 gate(s)
atobar1990's base· ✓ Closed at 13:58 · 0t walls · 2 gate(s)
Smoothed initial terrain · ◌ = detected wall gap · hover for details
Inputs per minute
— Luffehh MUDA MUDA MUDA - - HackThor
Build order — Luffehh MUDA MUDA MUDA
First 150 of 239 actions detected
| 0:02 | Queue | Villager (Male) |
| 0:02 | Queue | Villager (Male) |
| 0:03 | Queue | Villager (Male) |
| 0:03 | Queue | Villager (Male) |
| 0:03 | Queue | Villager (Male) |
| 0:03 | Queue | Villager (Male) |
| 0:05 | Build | House |
| 0:07 | Build | House |
| 1:32 | Queue | Villager (Male) |
| 2:07 | Build | Lumber Camp |
| 2:13 | Queue | Villager (Male) |
| 2:13 | Queue | Villager (Male) |
| 2:41 | Queue | Villager (Male) |
| 2:42 | Queue | Villager (Male) |
| 3:03 | Queue | Villager (Male) |
| 3:33 | Queue | Villager (Male) |
| 3:38 | Build | House |
| 4:08 | Queue | Villager (Male) |
| 4:08 | Queue | Villager (Male) |
| 4:09 | Queue | Villager (Male) |
| 4:35 | Build | Mill |
| 4:57 | Queue | Villager (Male) |
| 4:57 | Queue | Villager (Male) |
| 5:29 | Queue | Villager (Male) |
| 5:42 | Build | House |
| 5:46 | Queue | Villager (Male) |
| 5:46 | Queue | Villager (Male) |
| 6:13 | Queue | Villager (Male) |
| 6:37 | Build | Mining Camp |
| 6:59 | Build | Farm |
| 7:02 | Build | Farm |
| 7:09 | Queue | Villager (Male) |
| 7:09 | Queue | Villager (Male) |
| 7:55 | Queue | Villager (Male) |
| 8:31 | Queue | Villager (Male) |
| 8:41 | Build | Farm |
| 9:35 | Research | Feudal Age |
| 9:45 | Build | Farm |
| 9:49 | Build | Farm |
| 10:18 | Build | House |
| 10:59 | Queue | Villager (Male) |
| 11:00 | Queue | Villager (Male) |
| 11:10 | Build | Farm |
| 11:14 | Build | Farm |
| 11:45 | Age | Feudal Age |
| 11:56 | Build | Market |
| 12:09 | Build | Blacksmith |
| 12:20 | Build | Farm |
| 13:20 | Research | Castle Age |
| 13:38 | Research | Double-Bit Axe |
| 14:09 | Queue | Villager (Male) |
| 14:09 | Queue | Villager (Male) |
| 14:18 | Research | Horse Collar |
| 16:00 | Age | Castle Age |
| 16:33 | Queue | Villager (Male) |
| 16:55 | Build | Town Center |
| 17:05 | Build | Town Center |
| 17:16 | Build | House |
| 17:19 | Build | House |
| 17:21 | Queue | Villager (Male) |
| 17:27 | Research | Bow Saw |
| 17:49 | Queue | Villager (Male) |
| 17:49 | Queue | Villager (Male) |
| 17:55 | Build | Farm |
| 17:59 | Build | Farm |
| 18:09 | Build | House |
| 18:11 | Build | House |
| 18:13 | Build | House |
| 18:15 | Build | House |
| 18:23 | Build | House |
| 18:30 | Build | House |
| 18:33 | Build | Farm |
| 18:33 | Queue | Villager (Male) |
| 18:55 | Research | Wheelbarrow |
| 19:05 | Build | Farm |
| 19:07 | Build | Farm |
| 19:10 | Build | Farm |
| 19:13 | Build | Farm |
| 19:15 | Queue | Villager (Male) |
| 19:16 | Queue | Villager (Male) |
| 19:34 | Build | Monastery |
| 19:58 | Queue | Villager (Male) |
| 19:59 | Queue | Villager (Male) |
| 20:00 | Queue | Villager (Male) |
| 20:20 | Build | Mining Camp |
| 20:25 | Queue | Villager (Male) |
| 20:25 | Queue | Villager (Male) |
| 20:25 | Queue | Villager (Male) |
| 20:49 | Research | Hand Cart |
| 20:51 | Queue | Villager (Male) |
| 20:52 | Queue | Villager (Male) |
| 21:12 | Research | Gold Mining |
| 21:13 | Research | Stone Mining |
| 21:17 | Build | House |
| 21:18 | Build | House |
| 21:19 | Build | House |
| 21:20 | Build | House |
| 21:23 | Queue | Villager (Male) |
| 21:23 | Queue | Villager (Male) |
| 21:28 | Queue | Villager (Male) |
| 21:30 | Queue | Villager (Male) |
| 22:06 | Queue | Villager (Male) |
| 22:06 | Queue | Villager (Male) |
| 22:07 | Queue | Villager (Male) |
| 22:16 | Queue | Villager (Male) |
| 22:16 | Queue | Villager (Male) |
| 22:26 | Build | Farm |
| 22:30 | Build | Farm |
| 22:32 | Queue | Villager (Male) |
| 22:52 | Build | House |
| 22:55 | Build | House |
| 22:57 | Build | House |
| 22:58 | Build | House |
| 23:00 | Build | House |
| 23:02 | Build | House |
| 23:02 | Build | House |
| 23:04 | Queue | Villager (Male) |
| 23:05 | Queue | Villager (Male) |
| 23:06 | Queue | Villager (Male) |
| 23:38 | Queue | Monk |
| 23:57 | Build | Town Center |
| 24:00 | Queue | Villager (Male) |
| 24:00 | Queue | Villager (Male) |
| 24:00 | Queue | Villager (Male) |
| 24:01 | Queue | Villager (Male) |
| 24:06 | Queue | Villager (Male) |
| 24:15 | Research | Gold Shaft Mining |
| 24:17 | Research | Stone Shaft Mining |
| 24:23 | Build | University |
| 24:29 | Build | House |
| 24:31 | Build | House |
| 24:38 | Build | House |
| 24:44 | Queue | Villager (Male) |
| 24:44 | Queue | Villager (Male) |
| 25:15 | Queue | Villager (Male) |
| 25:15 | Queue | Villager (Male) |
| 25:15 | Queue | Villager (Male) |
| 25:15 | Queue | Villager (Male) |
| 25:16 | Queue | Villager (Male) |
| 25:22 | Build | Farm |
| 25:23 | Build | Farm |
| 25:24 | Build | Farm |
| 25:26 | Build | Farm |
| 25:27 | Build | Farm |
| 25:29 | Build | Farm |
| 25:30 | Build | Farm |
| 25:36 | Queue | Villager (Male) |
| 25:36 | Queue | Villager (Male) |
| 25:37 | Queue | Villager (Male) |
| 25:41 | Build | Lumber Camp |
Build order — HackThor
First 150 of 323 actions detected
| 0:03 | Queue | Villager (Male) |
| 0:03 | Queue | Villager (Male) |
| 0:03 | Queue | Villager (Male) |
| 0:04 | Queue | Villager (Male) |
| 0:04 | Queue | Villager (Male) |
| 0:05 | Build | House |
| 0:07 | Build | House |
| 1:25 | Queue | Villager (Male) |
| 1:25 | Queue | Villager (Male) |
| 1:50 | Build | Lumber Camp |
| 1:58 | Queue | Villager (Male) |
| 2:22 | Queue | Villager (Male) |
| 2:22 | Queue | Villager (Male) |
| 2:59 | Queue | Villager (Male) |
| 3:00 | Queue | Villager (Male) |
| 3:18 | Queue | Villager (Male) |
| 3:53 | Queue | Villager (Male) ×2 |
| 3:53 | Queue | Villager (Male) ×2 |
| 4:01 | Build | House |
| 4:02 | Build | House |
| 4:03 | Build | House |
| 4:04 | Build | House |
| 4:10 | Queue | Villager (Male) |
| 4:10 | Queue | Villager (Male) |
| 4:38 | Build | House |
| 5:30 | Queue | Villager (Male) ×5 |
| 5:30 | Queue | Villager (Male) ×5 |
| 6:02 | Build | Mill |
| 6:11 | Queue | Villager (Male) |
| 6:12 | Queue | Villager (Male) |
| 7:23 | Queue | Villager (Male) ×3 |
| 7:23 | Queue | Villager (Male) ×3 |
| 7:36 | Build | Mining Camp |
| 8:57 | Research | Feudal Age |
| 10:01 | Queue | Villager (Male) |
| 10:01 | Queue | Villager (Male) |
| 11:25 | Age | Feudal Age |
| 11:29 | Build | Market |
| 11:33 | Build | Blacksmith |
| 12:16 | Research | Castle Age |
| 12:17 | Research | Castle Age |
| 12:44 | Research | Double-Bit Axe |
| 12:45 | Research | Double-Bit Axe |
| 13:41 | Queue | Villager (Male) |
| 13:50 | Build | Farm |
| 13:52 | Build | Farm |
| 13:53 | Build | Farm |
| 13:53 | Build | Farm |
| 13:53 | Build | Farm |
| 14:02 | Build | Farm |
| 14:03 | Build | Farm |
| 14:56 | Age | Castle Age |
| 15:05 | Build | Town Center |
| 15:13 | Build | Town Center |
| 15:16 | Queue | Villager (Male) ×3 |
| 15:28 | Build | Town Center |
| 16:18 | Build | House |
| 16:19 | Build | House |
| 16:20 | Build | House |
| 16:31 | Queue | Villager (Male) ×3 |
| 16:53 | Queue | Villager (Male) |
| 16:56 | Build | Farm |
| 17:09 | Build | Farm |
| 17:15 | Build | Farm |
| 17:18 | Build | Farm |
| 17:22 | Build | Farm |
| 17:24 | Queue | Villager (Male) ×2 |
| 17:25 | Queue | Villager (Male) ×2 |
| 17:29 | Queue | Trade Cart |
| 17:30 | Queue | Villager (Male) ×2 |
| 17:30 | Queue | Villager (Male) ×2 |
| 17:45 | Queue | Villager (Male) |
| 17:45 | Queue | Villager (Male) |
| 17:50 | Build | Farm |
| 17:56 | Build | Farm |
| 17:56 | Build | Farm |
| 17:56 | Build | Farm |
| 17:56 | Build | Farm |
| 17:57 | Build | Farm |
| 17:57 | Build | Farm |
| 17:57 | Build | Farm |
| 17:58 | Build | Farm |
| 17:58 | Queue | Villager (Male) |
| 18:06 | Build | Farm |
| 18:18 | Queue | Villager (Male) |
| 18:25 | Build | House |
| 18:27 | Build | House |
| 18:32 | Queue | Villager (Male) |
| 18:45 | Queue | Villager (Male) ×2 |
| 18:54 | Build | Monastery |
| 18:56 | Queue | Villager (Male) |
| 18:56 | Queue | Villager (Male) |
| 18:59 | Build | House |
| 18:59 | Build | House |
| 19:00 | Queue | Villager (Male) |
| 19:16 | Queue | Villager (Male) |
| 19:16 | Queue | Villager (Male) |
| 19:20 | Queue | Monk |
| 19:20 | Queue | Monk |
| 19:20 | Queue | Monk |
| 19:30 | Queue | Villager (Male) ×2 |
| 19:38 | Queue | Villager (Male) |
| 19:43 | Queue | Villager (Male) |
| 19:43 | Queue | Villager (Male) |
| 19:52 | Queue | Villager (Male) |
| 19:57 | Build | Farm |
| 19:58 | Build | Farm |
| 19:58 | Build | Farm |
| 19:58 | Build | Farm |
| 19:58 | Build | Farm |
| 19:59 | Build | Farm |
| 19:59 | Build | Farm |
| 20:00 | Queue | Villager (Male) |
| 20:14 | Build | House |
| 20:15 | Build | House |
| 20:15 | Build | House |
| 20:32 | Queue | Villager (Male) ×4 |
| 20:32 | Queue | Villager (Male) ×4 |
| 20:37 | Build | Farm |
| 20:38 | Build | Farm |
| 20:39 | Build | Farm |
| 20:41 | Build | Farm |
| 20:50 | Queue | Villager (Male) ×2 |
| 20:58 | Build | Farm |
| 20:59 | Queue | Villager (Male) |
| 20:59 | Queue | Villager (Male) |
| 21:18 | Queue | Villager (Male) |
| 21:19 | Queue | Villager (Male) |
| 21:19 | Queue | Villager (Male) |
| 21:26 | Build | House |
| 21:27 | Build | House |
| 21:27 | Build | House |
| 21:28 | Build | House |
| 21:30 | Queue | Villager (Male) ×4 |
| 21:30 | Queue | Villager (Male) ×4 |
| 21:41 | Build | Farm |
| 21:42 | Build | Farm |
| 21:44 | Build | Farm |
| 21:45 | Build | Farm |
| 21:46 | Build | Farm |
| 21:47 | Build | Farm |
| 21:48 | Queue | Villager (Male) |
| 21:48 | Queue | Villager (Male) |
| 22:00 | Queue | Monk |
| 22:01 | Queue | Villager (Male) ×4 |
| 22:14 | Build | Lumber Camp |
| 22:17 | Queue | Villager (Male) ×2 |
| 22:17 | Queue | Villager (Male) ×2 |
| 22:22 | Build | Farm |
| 22:22 | Build | Farm |
Build order — M0rT1nh0
First 150 of 342 actions detected
| 0:01 | Queue | Villager (Male) |
| 0:01 | Queue | Villager (Male) |
| 0:02 | Queue | Villager (Male) |
| 0:03 | Build | House |
| 0:05 | Build | House |
| 0:36 | Queue | Villager (Male) |
| 1:41 | Queue | Villager (Male) |
| 1:42 | Queue | Villager (Male) |
| 1:47 | Build | Lumber Camp |
| 2:01 | Queue | Villager (Male) |
| 2:01 | Queue | Villager (Male) |
| 2:25 | Queue | Villager (Male) |
| 2:48 | Queue | Villager (Male) |
| 2:48 | Queue | Villager (Male) |
| 3:02 | Build | House |
| 3:05 | Queue | Villager (Male) |
| 3:05 | Queue | Villager (Male) |
| 3:43 | Queue | Villager (Male) |
| 3:44 | Queue | Villager (Male) |
| 4:01 | Queue | Villager (Male) |
| 4:01 | Queue | Villager (Male) |
| 4:32 | Queue | Villager (Male) |
| 4:32 | Queue | Villager (Male) |
| 4:51 | Queue | Villager (Male) |
| 5:06 | Build | Mill |
| 5:14 | Queue | Villager (Male) |
| 5:14 | Queue | Villager (Male) |
| 5:24 | Queue | Villager (Male) |
| 5:24 | Queue | Villager (Male) |
| 5:51 | Queue | Villager (Male) |
| 5:51 | Queue | Villager (Male) |
| 5:54 | Build | House |
| 6:32 | Research | Double-Bit Axe |
| 6:45 | Queue | Villager (Male) |
| 7:10 | Queue | Villager (Male) |
| 7:46 | Queue | Villager (Male) |
| 8:00 | Build | Mining Camp |
| 8:18 | Research | Feudal Age |
| 8:29 | Build | House |
| 8:37 | Queue | Villager (Male) |
| 8:37 | Queue | Villager (Male) |
| 9:04 | Build | Farm |
| 9:39 | Build | Farm |
| 10:31 | Age | Feudal Age |
| 10:41 | Build | Market |
| 10:49 | Build | Blacksmith |
| 11:09 | Build | Farm |
| 11:38 | Research | Castle Age |
| 11:38 | Research | Castle Age |
| 11:58 | Build | House |
| 11:59 | Build | House |
| 12:10 | Research | Horse Collar |
| 12:43 | Research | Bow Saw |
| 12:51 | Build | House |
| 12:57 | Build | House |
| 13:14 | Build | Farm |
| 13:16 | Build | Farm |
| 13:20 | Research | Heavy Plow |
| 13:37 | Build | House |
| 13:44 | Build | Farm |
| 13:51 | Build | Farm |
| 13:57 | Queue | Villager (Male) |
| 14:08 | Queue | Villager (Male) |
| 14:18 | Age | Castle Age |
| 14:22 | Build | Siege Workshop |
| 14:28 | Queue | Villager (Male) |
| 14:44 | Build | Farm |
| 14:51 | Build | House |
| 14:53 | Build | House |
| 15:23 | Queue | Villager (Male) |
| 15:39 | Build | Town Center |
| 15:49 | Queue | Villager (Male) |
| 16:37 | Build | Town Center |
| 16:41 | Queue | Villager (Male) |
| 17:07 | Queue | Mangonel |
| 17:14 | Queue | Villager (Male) |
| 17:15 | Queue | Villager (Male) |
| 17:19 | Queue | Villager (Male) |
| 17:19 | Queue | Villager (Male) |
| 17:23 | Build | Farm |
| 17:33 | Build | Farm |
| 17:34 | Queue | Villager (Male) |
| 17:38 | Build | Farm |
| 17:40 | Queue | Villager (Male) |
| 17:42 | Queue | Villager (Male) |
| 17:56 | Queue | Villager (Male) |
| 18:00 | Build | Farm |
| 18:03 | Build | Farm |
| 18:04 | Queue | Villager (Male) |
| 18:15 | Build | House |
| 18:17 | Build | House |
| 18:19 | Queue | Villager (Male) |
| 18:20 | Queue | Villager (Male) |
| 18:21 | Queue | Villager (Male) |
| 18:32 | Build | Farm |
| 18:35 | Build | Farm |
| 18:38 | Build | Farm |
| 18:39 | Queue | Villager (Male) |
| 18:40 | Queue | Villager (Male) |
| 18:44 | Build | Farm |
| 18:53 | Build | Farm |
| 19:02 | Build | House |
| 19:04 | Build | House |
| 19:06 | Build | House |
| 19:08 | Build | House |
| 19:18 | Queue | Villager (Male) |
| 19:18 | Queue | Villager (Male) |
| 19:19 | Queue | Villager (Male) |
| 19:32 | Queue | Villager (Male) |
| 19:37 | Build | Farm |
| 19:40 | Build | Farm |
| 19:43 | Queue | Villager (Male) |
| 19:49 | Build | Farm |
| 19:51 | Build | Farm |
| 19:59 | Queue | Villager (Male) |
| 20:02 | Queue | Villager (Male) |
| 20:14 | Build | Farm |
| 20:14 | Queue | Villager (Male) |
| 20:21 | Build | Farm |
| 20:21 | Queue | Villager (Male) |
| 20:25 | Build | Farm |
| 20:26 | Queue | Villager (Male) |
| 20:46 | Build | Town Center |
| 20:47 | Queue | Villager (Male) |
| 20:50 | Queue | Villager (Male) |
| 20:51 | Queue | Villager (Male) |
| 20:55 | Build | Farm |
| 21:11 | Build | Farm |
| 21:11 | Queue | Villager (Male) |
| 21:12 | Queue | Villager (Male) |
| 21:19 | Queue | Villager (Male) |
| 21:28 | Build | House |
| 21:29 | Build | House |
| 21:30 | Build | House |
| 21:31 | Queue | Villager (Male) |
| 21:32 | Queue | Villager (Male) |
| 21:33 | Queue | Villager (Male) |
| 21:41 | Queue | Villager (Male) |
| 21:41 | Queue | Villager (Male) |
| 21:56 | Build | Monastery |
| 21:59 | Queue | Villager (Male) |
| 22:10 | Build | Mining Camp |
| 22:14 | Research | Loom |
| 22:15 | Research | Wheelbarrow |
| 22:18 | Queue | Villager (Male) |
| 22:18 | Queue | Villager (Male) |
| 22:22 | Queue | Villager (Male) |
| 22:22 | Queue | Villager (Male) |
| 22:28 | Research | Gold Mining |
| 22:33 | Queue | Villager (Male) |
Build order — 83716497273
First 150 of 324 actions detected
| 0:01 | Queue | Villager (Male) ×4 |
| 0:04 | Build | House |
| 0:06 | Build | House |
| 1:31 | Queue | Villager (Male) |
| 2:08 | Build | Lumber Camp |
| 2:16 | Queue | Villager (Male) |
| 2:41 | Queue | Villager (Male) |
| 2:42 | Queue | Villager (Male) |
| 3:04 | Queue | Villager (Male) |
| 3:04 | Queue | Villager (Male) |
| 3:26 | Queue | Villager (Male) |
| 3:55 | Queue | Villager (Male) |
| 4:14 | Queue | Villager (Male) |
| 4:14 | Queue | Villager (Male) |
| 4:49 | Queue | Villager (Male) |
| 4:55 | Build | House |
| 5:04 | Queue | Villager (Male) |
| 5:04 | Queue | Villager (Male) |
| 5:12 | Build | Mill |
| 5:55 | Build | Mill |
| 6:05 | Queue | Villager (Male) |
| 6:14 | Build | Mining Camp |
| 6:28 | Queue | Villager (Male) |
| 6:46 | Build | Farm |
| 6:52 | Build | House |
| 7:13 | Queue | Villager (Male) |
| 7:13 | Queue | Villager (Male) |
| 7:22 | Build | Farm |
| 7:33 | Build | Farm |
| 8:11 | Queue | Villager (Male) |
| 8:11 | Queue | Villager (Male) |
| 8:53 | Build | Farm |
| 9:18 | Research | Feudal Age |
| 10:05 | Queue | Villager (Male) |
| 10:06 | Queue | Villager (Male) |
| 10:17 | Build | House |
| 11:27 | Build | Farm |
| 11:36 | Age | Feudal Age |
| 11:41 | Build | Market |
| 11:50 | Build | Blacksmith |
| 12:24 | Build | Lumber Camp |
| 12:38 | Research | Castle Age |
| 12:38 | Research | Castle Age |
| 12:43 | Research | Double-Bit Axe |
| 13:16 | Research | Horse Collar |
| 15:11 | Queue | Villager (Male) |
| 15:18 | Age | Castle Age |
| 15:20 | Build | Town Center |
| 15:30 | Build | Town Center |
| 15:38 | Queue | Villager (Male) |
| 16:06 | Queue | Villager (Male) |
| 16:26 | Build | House |
| 16:36 | Queue | Villager (Male) |
| 16:36 | Queue | Villager (Male) |
| 16:46 | Queue | Villager (Male) |
| 16:49 | Queue | Villager (Male) |
| 16:49 | Queue | Villager (Male) |
| 16:49 | Queue | Villager (Male) |
| 16:53 | Queue | Villager (Male) |
| 16:54 | Queue | Villager (Male) |
| 17:30 | Queue | Villager (Male) |
| 17:30 | Queue | Villager (Male) |
| 17:30 | Queue | Villager (Male) |
| 17:36 | Build | Farm |
| 17:36 | Build | Farm |
| 17:37 | Build | Farm |
| 17:37 | Build | Farm |
| 17:37 | Build | Farm |
| 17:38 | Build | Farm |
| 17:38 | Build | Farm |
| 17:47 | Build | Farm |
| 17:47 | Build | Farm |
| 17:48 | Build | Farm |
| 17:48 | Build | Farm |
| 17:48 | Build | Farm |
| 17:58 | Queue | Villager (Male) |
| 18:08 | Build | Monastery |
| 18:10 | Queue | Villager (Male) |
| 18:13 | Build | Farm |
| 18:18 | Build | House |
| 18:21 | Build | House |
| 18:24 | Build | Farm |
| 18:28 | Queue | Villager (Male) |
| 18:28 | Queue | Villager (Male) |
| 18:29 | Research | Bow Saw |
| 18:42 | Queue | Villager (Male) |
| 18:46 | Build | Farm |
| 19:02 | Queue | Villager (Male) |
| 19:02 | Queue | Villager (Male) |
| 19:06 | Build | House |
| 19:07 | Build | House |
| 19:09 | Queue | Villager (Male) |
| 19:15 | Build | Farm |
| 19:21 | Queue | Monk |
| 19:24 | Build | House |
| 19:26 | Queue | Villager (Male) |
| 19:32 | Queue | Villager (Male) |
| 19:53 | Queue | Villager (Male) ×4 |
| 20:07 | Build | Town Center |
| 20:12 | Queue | Villager (Male) |
| 20:15 | Build | House |
| 20:18 | Queue | Villager (Male) |
| 20:20 | Build | House |
| 20:25 | Research | Gold Mining |
| 20:28 | Build | Farm |
| 20:28 | Build | Farm |
| 20:28 | Build | Farm |
| 20:29 | Build | Farm |
| 20:32 | Build | Farm |
| 20:32 | Build | Farm |
| 20:33 | Build | Farm |
| 20:36 | Queue | Villager (Male) |
| 20:41 | Build | Mill |
| 20:42 | Build | Farm |
| 20:43 | Build | Farm |
| 20:43 | Build | Farm |
| 20:43 | Build | Farm |
| 20:43 | Build | Farm |
| 20:43 | Build | Farm |
| 20:44 | Build | Farm |
| 20:44 | Build | Farm |
| 20:47 | Queue | Villager (Male) |
| 20:49 | Build | House |
| 20:51 | Queue | Villager (Male) |
| 20:57 | Queue | Villager (Male) |
| 20:59 | Build | House |
| 21:08 | Build | Farm |
| 21:10 | Queue | Villager (Male) ×2 |
| 21:15 | Build | House |
| 21:26 | Queue | Villager (Male) |
| 21:32 | Queue | Villager (Male) ×2 |
| 21:36 | Build | Farm |
| 21:40 | Build | Farm |
| 21:41 | Queue | Villager (Male) |
| 21:49 | Build | University |
| 21:50 | Queue | Villager (Male) |
| 21:52 | Build | House |
| 21:54 | Queue | Villager (Male) |
| 21:55 | Queue | Villager (Male) |
| 21:59 | Build | Farm |
| 22:00 | Queue | Villager (Male) |
| 22:05 | Build | Farm |
| 22:08 | Queue | Villager (Male) |
| 22:13 | Queue | Villager (Male) |
| 22:13 | Queue | Villager (Male) |
| 22:15 | Queue | Monk |
| 22:20 | Queue | Villager (Male) |
| 22:27 | Research | Heavy Plow |
| 22:31 | Build | Farm |
| 22:33 | Queue | Villager (Male) |
Build order — Ti to?
First 150 of 249 actions detected
| 0:02 | Queue | Villager (Male) |
| 0:02 | Queue | Villager (Male) |
| 0:03 | Build | House |
| 0:05 | Build | House |
| 0:30 | Queue | Villager (Male) |
| 0:44 | Queue | Villager (Male) |
| 1:26 | Queue | Villager (Male) |
| 1:57 | Queue | Villager (Male) |
| 2:10 | Build | Lumber Camp |
| 2:23 | Queue | Villager (Male) |
| 2:50 | Queue | Villager (Male) |
| 3:19 | Queue | Villager (Male) |
| 3:28 | Queue | Villager (Male) |
| 3:47 | Queue | Villager (Male) |
| 3:54 | Build | House |
| 4:12 | Build | House |
| 4:17 | Queue | Villager (Male) |
| 4:42 | Queue | Villager (Male) |
| 5:03 | Build | Mill |
| 5:11 | Queue | Villager (Male) |
| 5:11 | Queue | Villager (Male) |
| 5:37 | Queue | Villager (Male) |
| 6:12 | Queue | Villager (Male) |
| 6:24 | Queue | Villager (Male) |
| 6:42 | Queue | Villager (Male) |
| 6:46 | Build | Mill |
| 7:17 | Queue | Villager (Male) |
| 7:36 | Build | Mining Camp |
| 7:51 | Queue | Villager (Male) |
| 8:22 | Queue | Villager (Male) |
| 8:32 | Build | House |
| 8:49 | Queue | Villager (Male) |
| 8:53 | Research | Feudal Age |
| 8:58 | Build | House |
| 9:31 | Build | Mining Camp |
| 9:48 | Build | Farm |
| 10:24 | Queue | Villager (Male) |
| 10:45 | Queue | Villager (Male) |
| 11:01 | Build | Farm |
| 11:03 | Build | Farm |
| 11:03 | Age | Feudal Age |
| 11:08 | Build | Farm |
| 11:12 | Build | Blacksmith |
| 11:25 | Queue | Villager (Male) |
| 11:35 | Queue | Villager (Male) |
| 12:09 | Build | Market |
| 12:17 | Queue | Villager (Male) |
| 12:46 | Build | Farm |
| 13:07 | Build | Watch Tower |
| 13:11 | Queue | Villager (Male) |
| 13:13 | Build | Farm |
| 13:32 | Queue | Villager (Male) |
| 13:39 | Build | Farm |
| 13:59 | Queue | Villager (Male) |
| 14:04 | Build | Farm |
| 14:23 | Build | Watch Tower |
| 14:32 | Build | Farm |
| 14:51 | Research | Castle Age |
| 15:07 | Research | Double-Bit Axe |
| 15:30 | Research | Fletching |
| 15:30 | Research | Fletching |
| 16:59 | Build | Mining Camp |
| 17:02 | Queue | Villager (Male) |
| 17:12 | Build | House |
| 17:15 | Queue | Villager (Male) |
| 17:31 | Age | Castle Age |
| 17:50 | Build | Town Center |
| 17:53 | Queue | Villager (Male) |
| 18:13 | Build | Town Center |
| 18:17 | Queue | Villager (Male) |
| 18:39 | Build | Monastery |
| 18:52 | Build | Lumber Camp |
| 18:55 | Build | Farm |
| 18:57 | Queue | Villager (Male) |
| 19:04 | Queue | Villager (Male) |
| 19:04 | Queue | Villager (Male) |
| 19:05 | Queue | Villager (Male) |
| 19:14 | Build | House |
| 19:15 | Build | House |
| 19:23 | Queue | Monk |
| 19:29 | Build | Farm |
| 19:31 | Queue | Villager (Male) |
| 19:32 | Queue | Villager (Male) |
| 19:35 | Build | Farm |
| 19:38 | Queue | Villager (Male) |
| 19:51 | Research | Horse Collar |
| 19:53 | Build | Farm |
| 19:58 | Queue | Villager (Male) |
| 20:01 | Queue | Villager (Male) |
| 20:02 | Build | Farm |
| 20:03 | Queue | Villager (Male) |
| 20:14 | Queue | Villager (Male) |
| 20:15 | Queue | Villager (Male) |
| 20:15 | Queue | Villager (Male) |
| 20:22 | Build | Farm |
| 20:28 | Queue | Villager (Male) |
| 20:30 | Build | Farm |
| 20:47 | Build | Farm |
| 20:48 | Queue | Villager (Male) |
| 20:49 | Queue | Villager (Male) |
| 20:52 | Build | Farm |
| 20:59 | Build | House |
| 21:07 | Queue | Villager (Male) |
| 21:08 | Queue | Villager (Male) |
| 21:12 | Build | Farm |
| 21:14 | Build | Farm |
| 21:20 | Build | Farm |
| 21:22 | Queue | Villager (Male) |
| 21:26 | Queue | Villager (Male) |
| 21:41 | Build | Castle |
| 21:50 | Queue | Villager (Male) |
| 21:52 | Queue | Villager (Male) |
| 21:54 | Build | Farm |
| 21:58 | Build | Farm |
| 21:59 | Queue | Villager (Male) |
| 22:01 | Build | Farm |
| 22:09 | Queue | Villager (Male) |
| 22:12 | Queue | Villager (Male) |
| 22:15 | Build | Farm |
| 22:18 | Queue | Villager (Male) |
| 22:26 | Queue | Villager (Male) |
| 22:32 | Build | Farm |
| 22:38 | Build | Farm |
| 22:52 | Queue | Villager (Male) |
| 22:53 | Queue | Villager (Male) |
| 22:57 | Build | Farm |
| 23:00 | Build | Farm |
| 23:01 | Queue | Villager (Male) |
| 23:02 | Queue | Villager (Male) |
| 23:06 | Queue | Villager (Male) |
| 23:43 | Build | House |
| 23:53 | Build | Farm |
| 23:59 | Research | Gold Mining |
| 24:03 | Queue | Villager (Male) |
| 24:07 | Queue | Villager (Male) |
| 24:23 | Build | House |
| 24:30 | Build | Siege Workshop |
| 24:40 | Queue | Villager (Male) |
| 24:45 | Queue | Villager (Male) |
| 24:47 | Build | Lumber Camp |
| 24:51 | Build | Farm |
| 24:52 | Queue | Villager (Male) |
| 24:53 | Queue | Villager (Male) |
| 25:00 | Build | House |
| 25:05 | Build | University |
| 25:09 | Queue | Villager (Male) |
| 25:15 | Queue | Villager (Male) |
| 25:19 | Queue | Villager (Male) |
| 25:23 | Build | Mining Camp |
| 25:47 | Research | Imperial Age |
Build order — Leven仔不会玩
First 150 of 321 actions detected
| 0:05 | Queue | Villager (Male) |
| 0:05 | Queue | Villager (Male) |
| 0:06 | Queue | Villager (Male) |
| 0:06 | Queue | Villager (Male) |
| 0:11 | Build | House |
| 0:14 | Build | House |
| 1:34 | Queue | Villager (Male) |
| 1:34 | Queue | Villager (Male) |
| 2:14 | Queue | Villager (Male) |
| 2:15 | Queue | Villager (Male) |
| 2:15 | Queue | Villager (Male) |
| 2:51 | Queue | Villager (Male) |
| 2:52 | Queue | Villager (Male) |
| 2:52 | Queue | Villager (Male) |
| 3:13 | Queue | Villager (Male) |
| 3:13 | Queue | Villager (Male) |
| 3:19 | Queue | Villager (Male) |
| 3:19 | Queue | Villager (Male) |
| 3:21 | Build | Lumber Camp |
| 3:54 | Queue | Villager (Male) |
| 3:54 | Queue | Villager (Male) |
| 3:55 | Queue | Villager (Male) |
| 4:44 | Build | House |
| 4:47 | Build | House |
| 5:00 | Research | Loom |
| 5:28 | Queue | Villager (Male) |
| 5:28 | Queue | Villager (Male) |
| 5:45 | Build | Mill |
| 6:11 | Queue | Villager (Male) |
| 6:34 | Queue | Villager (Male) |
| 6:46 | Build | Mining Camp |
| 6:49 | Queue | Villager (Male) |
| 7:26 | Queue | Villager (Male) |
| 7:56 | Queue | Villager (Male) |
| 8:02 | Build | Farm |
| 8:08 | Queue | Villager (Male) |
| 8:25 | Build | Farm |
| 8:30 | Build | Farm |
| 8:33 | Build | Farm |
| 8:40 | Research | Feudal Age |
| 8:50 | Build | Farm |
| 9:15 | Build | House |
| 9:16 | Build | House |
| 10:15 | Build | Farm |
| 10:42 | Queue | Villager (Male) |
| 10:58 | Age | Feudal Age |
| 11:00 | Queue | Villager (Male) |
| 11:10 | Build | Market |
| 11:13 | Build | Blacksmith |
| 11:45 | Queue | Villager (Male) |
| 12:43 | Research | Castle Age |
| 12:44 | Research | Castle Age |
| 14:26 | Research | Double-Bit Axe |
| 14:29 | Research | Horse Collar |
| 15:23 | Age | Castle Age |
| 15:25 | Queue | Villager (Male) |
| 15:25 | Queue | Villager (Male) |
| 15:32 | Build | Town Center |
| 15:36 | Build | Town Center |
| 15:41 | Queue | Villager (Male) |
| 16:25 | Research | Bow Saw |
| 16:27 | Research | Heavy Plow |
| 16:34 | Queue | Villager (Male) |
| 16:43 | Build | House |
| 16:44 | Build | House |
| 16:45 | Build | House |
| 16:55 | Queue | Villager (Male) |
| 16:55 | Queue | Villager (Male) |
| 17:00 | Build | Farm |
| 17:03 | Build | Farm |
| 17:08 | Queue | Villager (Male) |
| 17:08 | Queue | Villager (Male) |
| 17:14 | Queue | Villager (Male) |
| 17:17 | Build | Farm |
| 17:23 | Queue | Villager (Male) |
| 17:31 | Queue | Villager (Male) |
| 17:31 | Queue | Villager (Male) |
| 17:47 | Build | Farm |
| 17:49 | Queue | Villager (Male) |
| 17:49 | Queue | Villager (Male) |
| 17:49 | Queue | Villager (Male) |
| 18:19 | Queue | Villager (Male) |
| 18:20 | Queue | Villager (Male) |
| 18:25 | Build | Farm |
| 18:29 | Queue | Villager (Male) |
| 18:32 | Build | House |
| 18:33 | Build | House |
| 18:33 | Build | House |
| 18:46 | Queue | Villager (Male) |
| 18:46 | Queue | Villager (Male) |
| 18:47 | Queue | Villager (Male) |
| 18:52 | Build | Farm |
| 18:53 | Build | Farm |
| 18:58 | Build | Farm |
| 19:03 | Build | Farm |
| 19:15 | Build | Farm |
| 19:16 | Build | Farm |
| 19:17 | Queue | Villager (Male) |
| 19:17 | Queue | Villager (Male) |
| 19:18 | Queue | Villager (Male) |
| 19:24 | Build | Farm |
| 19:30 | Queue | Villager (Male) |
| 19:31 | Queue | Villager (Male) |
| 19:43 | Build | Farm |
| 19:51 | Queue | Villager (Male) |
| 19:51 | Queue | Villager (Male) |
| 19:52 | Queue | Villager (Male) |
| 19:57 | Build | Farm |
| 19:59 | Build | Farm |
| 20:01 | Queue | Villager (Male) |
| 20:01 | Queue | Villager (Male) |
| 20:11 | Build | House |
| 20:12 | Build | House |
| 20:13 | Build | House |
| 20:23 | Queue | Villager (Male) |
| 20:23 | Queue | Villager (Male) |
| 20:25 | Build | Farm |
| 20:28 | Queue | Villager (Male) |
| 20:28 | Queue | Villager (Male) |
| 20:30 | Build | Farm |
| 20:37 | Build | Farm |
| 20:39 | Queue | Villager (Male) |
| 20:39 | Queue | Villager (Male) |
| 20:46 | Queue | Villager (Male) |
| 20:46 | Queue | Villager (Male) |
| 20:51 | Build | Farm |
| 20:52 | Build | Farm |
| 20:55 | Queue | Villager (Male) |
| 20:55 | Queue | Villager (Male) |
| 20:56 | Queue | Villager (Male) |
| 20:57 | Queue | Villager (Male) |
| 21:04 | Queue | Villager (Male) |
| 21:04 | Queue | Villager (Male) |
| 21:10 | Build | Lumber Camp |
| 21:14 | Queue | Villager (Male) |
| 21:15 | Queue | Villager (Male) |
| 21:22 | Queue | Villager (Male) |
| 21:22 | Queue | Villager (Male) |
| 21:22 | Queue | Villager (Male) |
| 21:29 | Queue | Villager (Male) |
| 21:29 | Queue | Villager (Male) |
| 21:30 | Queue | Villager (Male) |
| 21:30 | Queue | Villager (Male) |
| 21:43 | Build | Farm |
| 21:44 | Queue | Villager (Male) |
| 21:44 | Queue | Villager (Male) |
| 21:44 | Queue | Villager (Male) |
| 21:48 | Build | House |
| 21:49 | Build | House |
| 21:54 | Queue | Villager (Male) |
Build order — 杀手皇后
First 150 of 404 actions detected
| 0:02 | Queue | Villager (Male) |
| 0:02 | Queue | Villager (Male) |
| 0:02 | Queue | Villager (Male) |
| 0:16 | Queue | Villager (Male) |
| 0:17 | Queue | Villager (Male) |
| 1:19 | Queue | Villager (Male) |
| 1:21 | Build | Lumber Camp |
| 1:59 | Queue | Villager (Male) |
| 2:14 | Queue | Villager (Male) |
| 2:47 | Queue | Villager (Male) |
| 2:47 | Queue | Villager (Male) |
| 3:19 | Queue | Villager (Male) |
| 3:19 | Queue | Villager (Male) |
| 3:40 | Queue | Villager (Male) |
| 3:40 | Queue | Villager (Male) |
| 3:41 | Queue | Villager (Male) |
| 4:06 | Queue | Villager (Male) |
| 4:29 | Queue | Villager (Male) |
| 4:29 | Queue | Villager (Male) |
| 4:30 | Queue | Villager (Male) |
| 5:06 | Queue | Villager (Male) |
| 5:07 | Queue | Villager (Male) |
| 5:09 | Build | Mill |
| 5:46 | Build | Mill |
| 6:16 | Queue | Villager (Male) |
| 6:16 | Queue | Villager (Male) |
| 6:21 | Queue | Villager (Male) |
| 6:45 | Queue | Villager (Male) |
| 7:56 | Research | Feudal Age |
| 7:56 | Research | Feudal Age |
| 7:56 | Research | Feudal Age |
| 9:49 | Queue | Villager (Male) |
| 9:49 | Queue | Villager (Male) |
| 9:57 | Build | Farm |
| 10:07 | Age | Feudal Age |
| 10:12 | Build | Market |
| 10:17 | Build | Blacksmith |
| 11:03 | Research | Castle Age |
| 11:03 | Research | Castle Age |
| 11:04 | Research | Castle Age |
| 11:34 | Research | Double-Bit Axe |
| 11:34 | Research | Double-Bit Axe |
| 11:57 | Research | Horse Collar |
| 11:57 | Research | Horse Collar |
| 12:19 | Build | Farm |
| 12:21 | Build | Farm |
| 13:11 | Queue | Villager (Male) |
| 13:43 | Age | Castle Age |
| 13:49 | Build | Town Center |
| 13:54 | Build | Town Center |
| 14:02 | Queue | Villager (Male) |
| 14:11 | Build | Farm |
| 14:13 | Build | Farm |
| 14:16 | Queue | Villager (Male) |
| 14:23 | Queue | Villager (Male) |
| 14:37 | Queue | Villager (Male) |
| 14:44 | Build | Farm |
| 14:56 | Build | Farm |
| 15:01 | Build | Farm |
| 15:04 | Build | Farm |
| 15:08 | Queue | Villager (Male) |
| 15:16 | Queue | Villager (Male) |
| 15:21 | Build | Farm |
| 15:28 | Build | Farm |
| 15:33 | Queue | Villager (Male) |
| 15:34 | Queue | Villager (Male) |
| 15:38 | Build | Farm |
| 15:46 | Build | Farm |
| 15:55 | Build | Farm |
| 15:58 | Queue | Villager (Male) |
| 15:58 | Queue | Villager (Male) |
| 16:04 | Build | Farm |
| 16:08 | Queue | Villager (Male) |
| 16:08 | Queue | Villager (Male) |
| 16:08 | Queue | Villager (Male) |
| 16:14 | Build | Farm |
| 16:22 | Build | Farm |
| 16:26 | Queue | Villager (Male) |
| 16:31 | Build | Farm |
| 16:31 | Queue | Villager (Male) |
| 16:42 | Build | Farm |
| 16:47 | Queue | Villager (Male) |
| 16:55 | Build | Farm |
| 16:55 | Queue | Villager (Male) |
| 17:01 | Queue | Villager (Male) |
| 17:15 | Queue | Villager (Male) |
| 17:22 | Queue | Villager (Male) |
| 17:27 | Queue | Villager (Male) |
| 17:29 | Build | Farm |
| 17:37 | Queue | Villager (Male) |
| 17:47 | Queue | Villager (Male) |
| 17:54 | Build | Town Center |
| 17:56 | Queue | Villager (Male) |
| 17:58 | Queue | Villager (Male) |
| 17:59 | Build | Farm |
| 18:12 | Queue | Villager (Male) |
| 18:15 | Build | Farm |
| 18:23 | Queue | Villager (Male) |
| 18:27 | Build | Farm |
| 18:28 | Queue | Villager (Male) |
| 18:30 | Queue | Villager (Male) |
| 18:33 | Build | Farm |
| 18:42 | Queue | Villager (Male) |
| 18:49 | Queue | Villager (Male) |
| 18:53 | Build | Farm |
| 18:56 | Queue | Villager (Male) |
| 19:00 | Queue | Villager (Male) |
| 19:06 | Queue | Villager (Male) |
| 19:16 | Queue | Villager (Male) |
| 19:19 | Build | Farm |
| 19:22 | Queue | Villager (Male) |
| 19:27 | Build | Farm |
| 19:29 | Build | Farm |
| 19:30 | Build | Farm |
| 19:31 | Build | Farm |
| 19:33 | Queue | Villager (Male) |
| 19:34 | Queue | Villager (Male) |
| 19:36 | Build | Farm |
| 19:40 | Queue | Villager (Male) |
| 19:46 | Queue | Villager (Male) |
| 19:50 | Queue | Villager (Male) |
| 19:59 | Queue | Villager (Male) |
| 20:13 | Build | Town Center |
| 20:17 | Research | Wheelbarrow |
| 20:21 | Queue | Villager (Male) |
| 20:27 | Build | Farm |
| 20:29 | Build | Farm |
| 20:29 | Queue | Villager (Male) |
| 20:31 | Queue | Villager (Male) |
| 20:38 | Queue | Villager (Male) |
| 20:39 | Queue | Villager (Male) |
| 20:43 | Build | Mining Camp |
| 20:44 | Queue | Villager (Male) |
| 20:47 | Build | Farm |
| 20:49 | Queue | Villager (Male) |
| 20:57 | Queue | Villager (Male) |
| 21:00 | Build | Farm |
| 21:01 | Build | Farm |
| 21:02 | Queue | Villager (Male) |
| 21:05 | Queue | Villager (Male) |
| 21:09 | Queue | Villager (Male) |
| 21:12 | Build | Farm |
| 21:13 | Queue | Villager (Male) |
| 21:17 | Build | Farm |
| 21:22 | Queue | Villager (Male) |
| 21:40 | Queue | Villager (Male) |
| 21:42 | Research | Heavy Plow |
| 21:42 | Research | Heavy Plow |
| 21:43 | Research | Heavy Plow |
| 21:43 | Queue | Villager (Male) |
Build order — atobar1990
First 150 of 336 actions detected
| 0:04 | Build | House |
| 0:06 | Build | House |
| 0:07 | Queue | Villager (Male) |
| 0:08 | Queue | Villager (Male) |
| 0:08 | Queue | Villager (Male) |
| 0:08 | Queue | Villager (Male) |
| 0:09 | Queue | Villager (Male) |
| 1:53 | Queue | Villager (Male) |
| 2:14 | Queue | Villager (Male) |
| 2:14 | Queue | Villager (Male) |
| 2:40 | Queue | Villager (Male) |
| 2:40 | Queue | Villager (Male) |
| 2:51 | Build | House |
| 2:52 | Build | House |
| 3:26 | Build | Mining Camp |
| 3:49 | Queue | Villager (Male) |
| 3:49 | Queue | Villager (Male) |
| 3:50 | Queue | Villager (Male) |
| 4:18 | Build | Lumber Camp |
| 5:06 | Queue | Villager (Male) |
| 5:08 | Queue | Villager (Male) |
| 6:18 | Build | Mill |
| 6:25 | Queue | Villager (Male) |
| 6:26 | Queue | Villager (Male) |
| 6:32 | Queue | Villager (Male) |
| 7:22 | Build | Mining Camp |
| 7:35 | Research | Feudal Age |
| 8:18 | Build | Mill |
| 8:32 | Queue | Villager (Male) |
| 8:32 | Queue | Villager (Male) |
| 8:32 | Queue | Villager (Male) |
| 10:02 | Build | Blacksmith |
| 10:25 | Build | Market |
| 10:34 | Queue | Villager (Male) |
| 10:34 | Queue | Villager (Male) |
| 11:48 | Queue | Villager (Male) |
| 11:55 | Build | Farm |
| 12:01 | Build | Farm |
| 12:03 | Build | Farm |
| 12:04 | Build | Farm |
| 12:15 | Queue | Villager (Male) |
| 12:16 | Queue | Villager (Male) |
| 13:08 | Queue | Villager (Male) |
| 13:13 | Build | Farm |
| 13:16 | Build | Farm |
| 13:37 | Queue | Villager (Male) |
| 13:58 | Research | Castle Age |
| 15:02 | Research | Double-Bit Axe |
| 15:04 | Research | Horse Collar |
| 15:09 | Research | Stone Mining |
| 15:12 | Research | Gold Mining |
| 15:58 | Build | Farm |
| 16:01 | Build | Farm |
| 16:02 | Build | Farm |
| 16:04 | Build | Farm |
| 16:05 | Build | Farm |
| 16:09 | Build | Farm |
| 16:12 | Queue | Villager (Male) |
| 16:12 | Queue | Villager (Male) |
| 16:13 | Queue | Villager (Male) |
| 16:23 | Research | Stone Mining |
| 16:46 | Build | Town Center |
| 16:58 | Build | Siege Workshop |
| 17:47 | Build | House |
| 17:49 | Queue | Villager (Male) |
| 17:49 | Queue | Villager (Male) |
| 17:50 | Queue | Villager (Male) |
| 17:50 | Queue | Villager (Male) |
| 17:52 | Queue | Villager (Male) |
| 17:52 | Queue | Villager (Male) |
| 18:13 | Build | House |
| 18:14 | Build | House |
| 18:27 | Queue | Villager (Male) |
| 18:28 | Queue | Villager (Male) |
| 18:28 | Queue | Villager (Male) |
| 18:29 | Queue | Villager (Male) |
| 18:46 | Build | Town Center |
| 18:57 | Queue | Villager (Male) |
| 18:58 | Queue | Villager (Male) |
| 19:53 | Queue | Villager (Male) |
| 19:54 | Queue | Villager (Male) |
| 19:54 | Queue | Villager (Male) |
| 19:56 | Queue | Villager (Male) |
| 19:56 | Queue | Villager (Male) |
| 20:04 | Build | Town Center |
| 20:09 | Queue | Mangonel |
| 20:09 | Queue | Mangonel |
| 20:28 | Build | Farm |
| 20:30 | Build | Farm |
| 20:45 | Build | House |
| 20:45 | Build | House |
| 20:48 | Build | House |
| 20:55 | Build | Farm |
| 20:58 | Queue | Villager (Male) |
| 20:59 | Queue | Villager (Male) |
| 21:00 | Queue | Villager (Male) |
| 21:01 | Queue | Villager (Male) |
| 21:02 | Queue | Villager (Male) |
| 21:26 | Queue | Villager (Male) |
| 21:27 | Queue | Villager (Male) |
| 21:30 | Queue | Villager (Male) |
| 21:30 | Queue | Villager (Male) |
| 21:36 | Build | Farm |
| 21:37 | Build | Farm |
| 21:39 | Build | Farm |
| 21:40 | Build | Farm |
| 21:51 | Build | Farm |
| 21:57 | Build | Farm |
| 21:59 | Queue | Villager (Male) |
| 21:59 | Queue | Villager (Male) |
| 22:01 | Queue | Villager (Male) |
| 22:27 | Build | House |
| 22:31 | Build | House |
| 22:35 | Queue | Villager (Male) |
| 22:35 | Queue | Villager (Male) |
| 22:37 | Queue | Villager (Male) |
| 22:38 | Queue | Villager (Male) |
| 22:40 | Queue | Villager (Male) |
| 22:46 | Build | Farm |
| 22:47 | Build | Farm |
| 22:49 | Build | Farm |
| 22:50 | Build | Farm |
| 22:52 | Build | Mill |
| 22:57 | Build | Farm |
| 23:03 | Build | Lumber Camp |
| 23:13 | Queue | Villager (Male) |
| 23:14 | Queue | Villager (Male) |
| 23:15 | Queue | Villager (Male) |
| 23:27 | Build | Mining Camp |
| 23:29 | Queue | Villager (Male) |
| 23:30 | Queue | Villager (Male) |
| 23:33 | Queue | Villager (Male) |
| 23:38 | Build | House |
| 23:39 | Build | House |
| 23:42 | Queue | Villager (Male) |
| 23:45 | Queue | Villager (Male) |
| 24:06 | Build | Farm |
| 24:07 | Build | Farm |
| 24:09 | Build | Farm |
| 24:10 | Build | Farm |
| 24:12 | Build | Farm |
| 24:13 | Build | Farm |
| 24:15 | Queue | Villager (Male) |
| 24:16 | Queue | Villager (Male) |
| 24:17 | Queue | Villager (Male) |
| 24:18 | Queue | Villager (Male) |
| 24:19 | Queue | Villager (Male) |
| 24:20 | Queue | Villager (Male) |
| 24:20 | Queue | Villager (Male) |
| 24:41 | Build | House |
Match timeline
| 10:07 | 杀手皇后 · age_up feudal |
| 10:31 | M0rT1nh0 · age_up feudal |
| 10:58 | Leven仔不会玩 · age_up feudal |
| 11:03 | Ti to? · age_up feudal |
| 11:25 | HackThor · age_up feudal |
| 11:36 | 83716497273 · age_up feudal |
| 11:45 | Luffehh MUDA MUDA MUDA · age_up feudal |
| 12:55 | Luffehh MUDA MUDA MUDA · first_market_sell 100 wood |
| 13:01 | Luffehh MUDA MUDA MUDA · first_market_buy 100 food |
| 13:28 | HackThor · first_market_buy 100 stone |
| 13:43 | 杀手皇后 · age_up castle |
| 14:18 | M0rT1nh0 · age_up castle |
| 14:22 | M0rT1nh0 · first_building Siege Workshop |
| 14:56 | HackThor · age_up castle |
| 15:18 | 83716497273 · age_up castle |
| 15:23 | Leven仔不会玩 · age_up castle |
| 16:00 | Luffehh MUDA MUDA MUDA · age_up castle |
| 16:58 | atobar1990 · first_building Siege Workshop |
| 17:31 | Ti to? · age_up castle |
| 18:08 | 83716497273 · first_building Monastery |
| 18:39 | Ti to? · first_building Monastery |
| 18:54 | HackThor · first_building Monastery |
| 19:34 | Luffehh MUDA MUDA MUDA · first_building Monastery |
| 21:41 | Ti to? · first_building Castle |
| 21:56 | M0rT1nh0 · first_building Monastery |
| 23:33 | HackThor · first_building Siege Workshop |
| 23:39 | 杀手皇后 · first_building Monastery |
| 23:48 | Leven仔不会玩 · first_building Castle |
| 24:04 | M0rT1nh0 · first_building Barracks |
| 24:30 | Ti to? · first_building Siege Workshop |
| 24:33 | 杀手皇后 · first_building Barracks |
| 25:34 | M0rT1nh0 · first_building Archery Range |
| 26:02 | 杀手皇后 · first_building Stable |
| 26:15 | 杀手皇后 · first_building Castle |
| 26:20 | atobar1990 · first_building Castle |
| 26:25 | Ti to? · first_building Barracks |
| 26:40 | 83716497273 · first_building Barracks |
| 26:55 | Leven仔不会玩 · first_building Barracks |
| 26:57 | Leven仔不会玩 · first_building Siege Workshop |
| 27:25 | atobar1990 · first_building Barracks |
| 27:26 | 83716497273 · first_building Siege Workshop |
| 27:56 | HackThor · first_building Barracks |
| 28:01 | atobar1990 · first_building Stable |
| 28:04 | Leven仔不会玩 · first_building Archery Range |
| 28:06 | Leven仔不会玩 · first_building Stable |
| 28:36 | Luffehh MUDA MUDA MUDA · first_building Barracks |
| 28:56 | M0rT1nh0 · age_up imperial |
| 28:59 | 83716497273 · first_building Castle |
| 29:02 | Ti to? · age_up imperial |
| 29:05 | 83716497273 · age_up imperial |
| 29:08 | 杀手皇后 · age_up imperial |
| 29:23 | Leven仔不会玩 · age_up imperial |
| 29:33 | HackThor · first_building Stable |
| 29:35 | Luffehh MUDA MUDA MUDA · first_building Stable |
| 30:08 | 83716497273 · wall_segment Stone Wall x5 |
| 30:10 | M0rT1nh0 · first_building Castle |
| 30:13 | 83716497273 · wall_segment Stone Wall x4 |
| 30:27 | HackThor · first_building Castle |
| 30:27 | Leven仔不会玩 · first_market_sell 100 food |
| 31:03 | M0rT1nh0 · first_building Stable |
| 31:13 | HackThor · age_up imperial |
| 31:53 | Luffehh MUDA MUDA MUDA · first_building Castle |
| 33:14 | Luffehh MUDA MUDA MUDA · age_up imperial |
| 35:15 | Ti to? · first_market_sell 100 food |
| 35:19 | Ti to? · first_market_buy 100 wood |
| 35:56 | atobar1990 · first_building Archery Range |
| 36:33 | HackThor · first_building Archery Range |
| 37:04 | Leven仔不会玩 · resign |
[ AI ANALYSIS · 1 CREDIT ]
What really happened in this match?
Wolo.gg analyzes every decision: build order, eco, micro, common mistakes by bracket. Personalized analysis on WhatsApp or Discord in 30 seconds.
Civ guide
Byzantines
Perfil
Jugador #4866817